 Dungeon Crawl Stone Soup version 0.22-a0-322-g60b3cfd (webtiles) character file.

74 sankara the Firebug (level 4, -1/24 HPs)
             Began as a Deep Elf Fire Elementalist on Apr 3, 2018.
             Slain by Ijyb (3 damage)
             ... while paralysed by Ijyb
             ... on level 3 of the Dungeon.
             The game lasted 00:09:41 (2527 turns).

sankara the Firebug (Deep Elf Fire Elementalist)    Turns: 2527, Time: 00:09:42

Health: -1/24      AC:  2    Str: 10    XL:     4   Next: 9%
Magic:  7/11       EV:  2    Int: 21    God:
Gold:   120        SH:  0    Dex: 15    Spells: 0/10 levels left

rFire    . . .     SeeInvis .   a - +0 dagger
rCold    . . .     Gourm    .   (no shield)
rNeg     . . .     Faith    .   k - +0 robe
rPois    .         Spirit   .   (no helmet)
rElec    .         Reflect  .   (no cloak)
rCorr    .         Harm     .   (no gloves)
MR       .....                  (no boots)
Stlth    ++........             (no amulet)
HPRegen  0.08/turn              l - +5 ring of strength
MPRegen  0.12/turn              (no ring)

@: paralysed
A: no striking features
a: no special abilities


You were on level 3 of the Dungeon.
You were not hungry.

You visited 1 branch of the dungeon, and saw 3 of its levels.

You collected 120 gold pieces.

Inventory:

Hand Weapons
 a - a +0 dagger (weapon)
   (You took it off a goblin on level 1 of the Dungeon)
 b - a +0 whip of freezing
   (You found it on level 2 of the Dungeon)
 v - a +0 blowgun
   (You took it off a kobold on level 3 of the Dungeon)
Missiles
 j - 46 sling bullets
 p - 34 stones (quivered)
 u - 5 curare-tipped needles
Armour
 k - a +0 robe (worn)
Jewellery
 l - a +5 ring of strength (left hand)
   (You found it on level 1 of the Dungeon)
Scrolls
 d - a scroll of immolation {unknown}
 e - 2 scrolls of enchant weapon {unknown}
 h - a scroll of amnesia {unknown}
 i - a scroll of magic mapping {unknown}
 q - a scroll of fog {unknown}
 s - a scroll of identify {unknown}
 t - 3 scrolls of remove curse {unknown}
Potions
 f - 4 potions of curing {unknown}
 g - a potion of might {unknown}
 m - a potion of mutation {unknown}
 n - a potion of brilliance {unknown}
 o - 2 potions of degeneration {unknown}
 r - a potion of haste {unknown}
Comestibles
 c - 8 rations


   Skills:
 - Level 2.5 Dodging
 + Level 3.4 Stealth
 + Level 3.9 Spellcasting
 + Level 2.2 Conjurations
 + Level 3.9 Fire Magic


You couldn't memorise any spells.
You knew the following spells:

 Your Spells              Type           Power        Failure   Level  Hunger
a - Flame Tongue          Conj/Fire      ###..        3%          1    None
b - Throw Flame           Conj/Fire      ###...       4%          2    #......
c - Conjure Flame         Conj/Fire      ###.....     10%         3    ###....
d - Sticky Flame          Conj/Fire      ###.....     32%         4    ####...


Dungeon Overview and Level Annotations

Branches:
Dungeon (3/15)

Altars:
Makhleb
Zin

Annotations:
D:3 Ijyb


Message History

Confirm with . or Enter, or press ? or * to list all spells.
Aiming: Flame Tongue (safe; 3% risk of failure)
Press: ? - help, Shift-Dir - straight line, f - kobold
Aim: a kobold, wielding a blowgun The flame tongue misses the kobold.
Casting: Flame Tongue (safe; 3% risk of failure)
Confirm with . or Enter, or press ? or * to list all spells.
Aiming: Flame Tongue (safe; 3% risk of failure)
Press: ? - help, Shift-Dir - straight line, f/p - kobold
Aim: a kobold, wielding a blowgun The flame tongue hits the kobold.
You kill the kobold!
A goblin comes into view. It is wielding a dagger.
Casting: Flame Tongue (safe; 3% risk of failure)
Confirm with . or Enter, or press ? or * to list all spells.
Aiming: Flame Tongue (safe; 3% risk of failure)
Press: ? - help, Shift-Dir - straight line, f - goblin
Aim: a goblin, wielding a dagger The flame tongue misses the goblin.
Casting: Flame Tongue (safe; 3% risk of failure)
Confirm with . or Enter, or press ? or * to list all spells.
Aiming: Flame Tongue (safe; 3% risk of failure)
Press: ? - help, Shift-Dir - straight line, f/p - goblin
Aim: a goblin, wielding a dagger The flame tongue hits the goblin.
You kill the goblin!
You start resting.
Magic restored.
u - 4 curare-tipped needles
Things that are here:
a blowgun; an uncursed short sword
v - a blowgun You see here a dagger.
There is a stone staircase leading up here.
u - 5 curare-tipped needles (gained 1)
There is a stone staircase leading up here.
Marking area around Ijyb as unsafe for travelling.
Ijyb the Twisted Goblin comes into view.
Unknown command.
Press: ? - help, v - describe, . - travel
Here: Ijyb, wearing a leather armour (resting)
The floor.
Casting: Flame Tongue (safe; 3% risk of failure)
Confirm with . or Enter, or press ? or * to list all spells.
You can't see any susceptible monsters within range! (Use Z to cast anyway.)
Casting: Flame Tongue (safe; 3% risk of failure)
Confirm with . or Enter, or press ? or * to list all spells.
Okay, then.
Casting: Flame Tongue (safe; 3% risk of failure)
Confirm with . or Enter, or press ? or * to list all spells.
You can't see any susceptible monsters within range! (Use Z to cast anyway.)
You see here 8 gold pieces.
Ijyb shouts!
Ijyb hits you.
You closely miss Ijyb. Ijyb hits you.
Casting: Flame Tongue (safe; 3% risk of failure)
Confirm with . or Enter, or press ? or * to list all spells.
Aiming: Flame Tongue (safe; 3% risk of failure)
Press: ? - help, Shift-Dir - straight line, f - Ijyb
Aim: Ijyb, wearing a leather armour The flame tongue hits Ijyb.
Ijyb is heavily wounded.
Ijyb hits you.
Casting: Flame Tongue (safe; 3% risk of failure)
Confirm with . or Enter, or press ? or * to list all spells.
Aiming: Flame Tongue (safe; 3% risk of failure)
Press: ? - help, Shift-Dir - straight line, f/p - Ijyb
Aim: Ijyb, wearing a leather armour (heavily wounded)
The flame tongue misses Ijyb.
Ijyb barely misses you.
Casting: Flame Tongue (safe; 3% risk of failure)
Confirm with . or Enter, or press ? or * to list all spells.
Aiming: Flame Tongue (safe; 3% risk of failure)
Press: ? - help, Shift-Dir - straight line, f/p - Ijyb
Aim: Ijyb, wearing a leather armour (heavily wounded)
The flame tongue misses Ijyb.
Ijyb hits you.
Casting: Flame Tongue (safe; 3% risk of failure)
Confirm with . or Enter, or press ? or * to list all spells.
Aiming: Flame Tongue (safe; 3% risk of failure)
Press: ? - help, Shift-Dir - straight line, f/p - Ijyb
Aim: Ijyb, wearing a leather armour (heavily wounded)
The flame tongue hits Ijyb.
Ijyb is severely wounded.
Ijyb hits you but does no damage.
Casting: Flame Tongue (safe; 3% risk of failure)
Confirm with . or Enter, or press ? or * to list all spells.
Aiming: Flame Tongue (safe; 3% risk of failure)
Press: ? - help, Shift-Dir - straight line, f/p - Ijyb
Aim: Ijyb, wearing a leather armour (severely wounded)
The flame tongue hits Ijyb.
Ijyb is severely wounded.
Ijyb zaps a wand.
You suddenly lose the ability to move!
It is a wand of paralysis (10).
Ijyb hits you. x2
* * * LOW HITPOINT WARNING * * *
Ijyb hits you.
* * * LOW HITPOINT WARNING * * *
Ijyb hits you.
* * * LOW HITPOINT WARNING * * *
Ijyb hits you.
You die...

# .## .# #..
.###..# #.#.#.#
#..##.#
#..##.######
..####..##......#
.........$.@g..)#
#####..#######.#
.#####..#
.........#
#.######<#
.######.#######.
.......)).......
........>.......
################


You could see Ijyb.

Vanquished Creatures
  An adder (D:2)
  3 worms (D:2)
  A dart slug (D:1)
  5 leopard geckos
  5 giant cockroaches
  4 goblins
  7 hobgoblins
  A quokka (D:2)
  7 bats
  5 frilled lizards
  4 kobolds
  5 rats
48 creatures vanquished.

Notes
Turn   | Place    | Note
-------+----------+-------------------------------------------
     0 | D:1      | sankara the Deep Elf Fire Elementalist began the quest for the Orb.
     0 | D:1      | Reached XP level 1. HP: 10/10 MP: 6/6
   118 | D:1      | Reached XP level 2. HP: 15/15 MP: 2/8
   172 | D:1      | Learned a level 2 spell: Throw Flame
   688 | D:1      | Reached skill level 3 in Stealth
   901 | D:2      | Reached XP level 3. HP: 19/19 MP: 6/10
   971 | D:2      | Found a burning altar of Makhleb.
   985 | D:2      | Found a glowing silver altar of Zin.
   985 | D:2      | Noticed an angel
   985 | D:2      | Noticed a balrug
  1075 | D:2      | Learned a level 3 spell: Conjure Flame
  1308 | D:2      | Reached skill level 2 in Conjurations
  1802 | D:2      | Reached XP level 4. HP: 24/24 MP: 9/11
  2023 | D:1      | Learned a level 4 spell: Sticky Flame
  2512 | D:3      | Noticed Ijyb
  2522 | D:3      | Paralysed by Ijyb for 6 turns
  2525 | D:3      | HP: 5/24 [Ijyb (2)]
  2526 | D:3      | HP: 2/24 [Ijyb (3)]
  2527 | D:3      | Slain by Ijyb

Vault maps used:
D:1:      saegor_arrival_simple_a, palyth_stone_intersect, supply_closet_lemuel
D:2:      grunt_temple_overflow_order_and_chaos_2
D:3:      kennysheep_slugbush, uniq_robin, uniq_ijyb, uniq_jessica

Skill      XL: |  1  2  3 |
---------------+----------+-----
Stealth        | 3 |  3.4
Conjurations   | 2 |  2.2
Dodging        | |  2.5
Spellcasting   | |  3.9
Fire Magic     | |  3.9

Action                   |  1- 3 |  4- 6 || total
-------------------------+-------+-------++-------
Melee: Dagger            |       |    12 ||    12
       Whip              |       |    10 ||    10
 Cast: Flame Tongue      |    81 |    12 ||    93
       Conjure Flame     |     3 |     1 ||     4
       Throw Flame       |     3 |     1 ||     4
  Eat: Chunk             |     3 |     2 ||     5
Armor: Robe              |     6 |     3 ||     9
Dodge: Dodged            |    15 |    13 ||    28

Table legend:
 A = Spawn XP
 B = Non-spawn XP
 C = Spawn XP percentage of total XP
 D = Spawn monster count
 E = Non-spawn monster count
 F = Spawn count percentage of total count
 G = Total turns spent on level
                    A         B        C        D         E        F      G
               +---------+---------+-------+---------+---------+-------+---------
         Total |       0 |     106 |   0.0 |       0 |      48 |   0.0 |  2527
               +---------+---------+-------+---------+---------+-------+---------
           D:1 |       0 |      38 |   0.0 |       0 |      22 |   0.0 |  1225
           D:2 |       0 |      64 |   0.0 |       0 |      24 |   0.0 |  1214
           D:3 |       0 |       4 |   0.0 |       0 |       2 |   0.0 |    88
               +---------+---------+-------+---------+---------+-------+---------

Vault maps used:
D:1:      saegor_arrival_simple_a, palyth_stone_intersect, supply_closet_lemuel
D:2:      grunt_temple_overflow_order_and_chaos_2
D:3:      kennysheep_slugbush, uniq_robin, uniq_ijyb, uniq_jessica

Table legend:
 A = Turns spent in this place as a percentage of turns spent in the entire game.
 B = Non-inter-level travel turns spent in this place as a percentage of non-inter-level travel turns spent in the entire game.
 C = Inter-level travel turns spent in this place as a percentage of turns spent in this place.
 D = Turns resting spent in this place as a percentage of non-inter-level travel turns spent in this place.
 E = Turns spent auto-exploring this place as a percentage of non-inter-level travel turns spent in this place.
 F = Non-inter-level travel turns spent in this place divided by the number of levels of this place that you've seen.
                   A       B       C       D       E      F
               +-------+-------+-------+-------+-------+----------------------
         Total | 100.0 | 100.0 |   6.1 |  39.6 |  39.1 | 791.3
       Dungeon | 100.0 | 100.0 |   6.1 |  39.6 |  39.1 | 791.3
               +-------+-------+-------+-------+-------+----------------------

Table legend:
 A = Kills in this place as a percentage of kills in entire the game.
 B = Kills by you in this place as a percentage of kills by you in the entire game.
 C = Kills by friends in this place as a percentage of kills by friends in the entire game.
 D = Other kills in this place as a percentage of other kills in the entire game.
 E = Experience gained in this place as a percentage of experience gained in the entire game.
 F = Experience gained in this place divided by the number of levels of this place that you have seen.
                   A       B       C       D       E      F
               +-------+-------+-------+-------+-------+----------------------
         Total | 100.0 | 100.0 |   N/A |   N/A | 100.0 |  35.3
       Dungeon | 100.0 | 100.0 |   N/A |   N/A | 100.0 |  35.3
               +-------+-------+-------+-------+-------+----------------------
